Map: Zen LE

Players

antagomiR - Winner!

  • Race: Protoss Protoss
  • League: Gold
  • Spawn Location: 7:00

Requiem

  • Race: Zerg Zerg
  • League: Platinum
  • Spawn Location: 1:00

VOD

Have the link to the VOD?

Description

Time

  • Played on: April 21, 2020, 2 p.m.
  • Length: 13:48
Show
View Real Time Build Order
Export as new Build Order

antagomiR Protoss - Winner!

Build Orders: 1 Gate Expand, Colossus Rush 

Get SALT Encoding   

  12  0:00  Probe  
  13  0:13  Probe  
  14  0:23  Pylon  
  14  0:26  Probe  
  15  0:41  Probe (Chrono Boost)  
  16  0:44  Gateway  
  16  0:53  Probe (Chrono Boost)  
  16  0:55  Assimilator  
  17  0:58  Probe (Chrono Boost)  
  18  1:07  Probe  
  19  1:19  Probe  
  20  1:31  Nexus  
  20  1:41  Cybernetics Core  
  20  1:49  Probe (Chrono Boost)  
  20  1:53  Pylon  
  21  1:57  Assimilator  
  21  2:03  Probe (Chrono Boost)  
  22  2:15  Probe  
  23  2:17  Warp Gate, Adept (Chrono Boost)  
  25  2:28  Probe  
  26  2:34  Pylon  
  26  2:47  Robotics Facility  
  25  2:59  Stalker (Chrono Boost)  
  27  3:07  Probe x2  
  29  3:15  Gateway  
  29  3:16  Gateway  
  29  3:19  Probe x2  
  33  3:27  Sentry  
  33  3:31  Probe x2  
  33  3:34  Observer  
  36  3:43  Probe x2  
  38  3:52  Pylon  
  38  3:54  Sentry  
  41  3:55  Probe x2  
  42  4:07  Probe x2  
  44  4:14  Robotics Bay  
  44  4:19  Probe  
  44  4:20  Probe  
  46  4:33  Probe  
  46  4:34  Probe, Assimilator  
  46  4:35  Stalker  
  50  4:39  Adept, Assimilator  
  52  4:46  Probe, Observer (Chrono Boost)  
  52  4:50  Probe  
  55  4:58  Probe  
  56  5:07  Probe  
  56  5:10  Probe  
  58  5:22  Pylon  
  58  5:29  Nexus  
  58  5:33  Pylon  
  58  5:35  Stalker x2  
  60  5:39  Colossus  
  60  5:41  Probe x2  
  69  6:08  Stalker  
  69  6:10  Zealot x2  
  75  6:18  Probe x2  
  77  6:29  Forge  
  77  6:30  Probe  
  78  6:35  Twilight Council  
  78  6:40  Extended Thermal Lance (Chrono Boost), Colossus  
  78  6:41  Probe  
  85  6:48  Pylon  
  85  6:50  Gateway  
  85  6:51  Probe x2, Gateway  
  85  6:53  Probe  
  88  6:54  Gateway  
  88  6:56  Gateway  
  88  6:59  Gateway, Zealot x2  
  92  7:03  Probe  
  92  7:04  Assimilator  
  92  7:06  Assimilator  
  93  7:11  Pylon  
  93  7:12  Gateway  
  93  7:13  Shield Battery  
  93  7:17  Protoss Ground Weapons Level 1 (Chrono Boost), Photon Cannon  
  93  7:21  Probe x3  
  96  7:30  Zealot  
  96  7:31  Zealot x2  
  96  7:33  Probe  
  103  7:38  Colossus  
  109  8:00  Pylon  
  109  8:06  Charge (Chrono Boost)  
  109  8:18  Probe x3  
  112  8:20  Zealot x2  
  112  8:26  Pylon  
  116  8:30  Probe, Pylon  
  116  8:32  Pylon  
  117  8:34  Pylon  
  117  8:36  Pylon  
  117  8:38  Pylon  
  117  8:40  Pylon  
  117  8:42  Pylon  
  117  8:48  Templar Archives  
  117  8:52  Zealot x2  
  117  8:53  Zealot x2  
  117  8:54  Zealot x4  
  117  8:55  Zealot  
  135  9:01  Probe  
  135  9:02  Probe x2  
  138  9:06  Pylon  
  138  9:08  Protoss Ground Armor Level 1 (Chrono Boost)  
  138  9:10  Pylon  
  138  9:17  Photon Cannon  
  138  9:21  Photon Cannon  
  138  9:23  Zealot  
  138  9:24  Photon Cannon x2, Zealot x3  
  142  9:25  High Templar  
  142  9:26  High Templar x3  
  142  9:27  High Templar  
  142  9:30  Archon x2  
  156  9:44  Colossus  
  162  9:56  High Templar x4  
  170  10:07  Psionic Storm  
  170  10:10  Zealot x4  
  170  10:11  Zealot  
  170  10:12  Observer  
  180  10:29  Nexus  
  180  10:31  Pylon  
  180  10:34  Pylon  
  180  10:44  Probe x3  
  183  10:56  Probe x2  
  185  11:06  High Templar x3  
  185  11:07  High Templar x4  
  185  11:09  Protoss Ground Weapons Level 2  
  185  11:10  Archon x2  
  199  11:12  Archon x2  
  199  11:30  Assimilator  
  199  11:35  Assimilator  
  199  11:36  Gateway  
  199  11:40  Gateway  
  199  11:43  Photon Cannon  
  199  11:45  Photon Cannon  
  160  12:19  Colossus  
  166  12:37  Zealot x3  
  166  12:38  Zealot x3  
  166  12:39  Zealot x3  
  184  12:54  Zealot x2  
Show
View Real Time Build Order
Export as new Build Order

Requiem Zerg 

Build Orders: Hatch First 

Get SALT Encoding   

  12  0:02  Drone  
  13  0:10  Drone  
  14  0:17  Overlord  
  14  0:46  Hatchery  
  14  0:49  Drone x2  
  15  0:52  Drone  
  16  1:11  Spawning Pool  
  15  1:13  Drone  
  16  1:31  Extractor, Drone x2  
  17  1:36  Drone  
  18  1:44  Drone  
  19  1:58  Zergling x2  
  19  1:59  Zergling x2  
  19  2:00  Queen x2  
  25  2:08  Zergling x2  
  25  2:09  Zergling x2  
  27  2:22  Drone  
  28  2:24  Overlord  
  28  2:35  Overlord  
  28  3:09  Zergling x2  
  28  3:10  Zergling x10  
  34  3:20  Queen  
  34  3:24  Lair, Hatchery  
  35  3:29  Overlord  
  35  4:10  Zergling x2  
  35  4:12  Drone  
  35  4:13  Drone x7  
  44  4:32  Drone  
  44  4:33  Drone x5  
  50  5:01  Baneling Nest  
  49  5:09  Drone  
  49  5:10  Drone x7  
  49  5:13  Drone  
  58  5:15  Overlord x3  
  58  5:39  Zergling x2  
  58  5:40  Zergling x20, Roach Warren  
  58  5:41  Spore Crawler  
  64  6:13  Baneling  
  64  6:14  Baneling x15  
  64  6:25  Drone x2  
  66  6:26  Drone x13  
  66  6:29  Baneling  
  79  6:35  Extractor  
  78  6:42  Infestation Pit  
  78  6:45  Zergling x10, Evolution Chamber  
  78  6:46  Zergling x2, Overlord  
  82  7:00  Overlord x3  
  82  7:01  Overlord  
  82  7:09  Centrifical Hooks  
  82  7:41  Roach x4  
  82  7:42  Roach x2  
  94  7:45  Zergling x14, Hatchery  
  94  7:46  Zergling x10  
  105  8:02  Roach  
  105  8:03  Roach x4  
  112  8:44  Extractor  
  112  8:47  Extractor  
  110  8:51  Hatchery  
  109  8:55  Overlord x2  
  109  8:56  Overlord  
  109  9:10  Spire, Queen  
  110  9:21  Zergling x2  
  110  9:22  Zergling x44  
  133  10:01  Hive  
  133  10:31  Overlord x3  
  133  10:32  Overlord x4  
  133  10:33  Overlord x2  
  133  10:47  Drone  
  133  10:48  Drone x2  
  136  11:09  Zergling x2  
  136  11:10  Zergling x32  
  136  11:11  Zergling x34  
  168  11:46  Viper x7  
  174  11:49  Roach x2  
  174  11:50  Roach x3  
  104  12:15  Viper  
  91  12:18  Zergling x4  
  91  12:19  Zergling x28  
  103  12:53  Spore Crawler x2  
  103  12:55  Spine Crawler  
  103  12:57  Spine Crawler  
  94  13:07  Zergling x2  
  94  13:08  Zergling x22  
Tags
 
Add a new tag
Caveats
  • Supply blocks, unpowered buildings, or Contaminate may cause inaccurate times.
  • Supply counts are checked every 10 seconds.